 Dungeon Crawl Stone Soup version 0.30-a0-269-gf0224bf7b6 (webtiles) character file.

Game seed: 1000285997960440227

69143 NinjaNoafa the Basher (level 14, -1/124 HPs)
             Began as a Minotaur Monk on Oct 13, 2022.
             Was the Champion of Okawaru.
             Slain by a balrug
             ... wielding a +2 demon whip of electrocution
              (15 damage)
             ... in the Arena on Oct 14, 2022.
             The game lasted 00:58:53 (21963 turns).

NinjaNoafa the Basher (Minotaur Monk)              Turns: 21963, Time: 00:58:55

Health: -1/124     AC: 33    Str: 25    XL:     14   Next: 89%
Magic:  0/13       EV: 12    Int:  8    God:    Okawaru [******]
Gold:   903        SH:  0    Dex: 10    Spells: 13/13 levels left

rFire   . . .      SeeInvis .    l - +4 eveningstar (vorpal)
rCold   + . .      Faith    .    s - +2 tower shield
rNeg    + . .      Spirit   +    I - +6 swamp dragon scales of the Moon {rPois rC+ rN+ MP-9}
rPois   +          Reflect  .    T - +2 hat
rElec   .          Harm     .    a - +4 cloak of Zipusimm {Regen+ Int+2}
rCorr   .          Rampage  .    H - +0 pair of gloves
Will    +....      Rage     3%   t - +0 pair of boots
Stlth   +.........               g - amulet of guardian spirit
HPRegen 1.20/turn                M - +4 ring of protection
MPRegen 0.13/turn                q - +4 ring of slaying

@: confused, heroic, ambrosia-drunk, duelling
A: horns 2, retaliatory headbutt, talons 1, berserk 1, clumsy 1, strong 1
a: Renounce Religion, Heroism, Finesse, Duel


You were in the Arena.
You worshipped Okawaru.
Okawaru was exalted by your worship.
You visited 3 branches of the dungeon, and saw 20 of its levels.
You visited the Abyss 1 time.

You collected 1667 gold pieces.
You spent 764 gold pieces at shops.

Inventory:

Hand Weapons
 l - a +4 vorpal eveningstar (weapon)
Missiles
 d - 2 javelins
 f - 152 stones
 j - 12 boomerangs
 m - 3 atropa-tipped darts
 n - 30 poisoned darts
 G - 3 curare-tipped darts
 L - a silver boomerang (quivered)
 V - a silver javelin
 W - 2 throwing nets
Armour
 a - the +4 cloak of Zipusimm (worn) {Regen+ Int+2}
   (Okawaru gifted it to you on level 13 of the Dungeon)

   Int:       It affects your intelligence (+2).
   Regen:     It increases your rate of health regeneration.
 s - a +2 tower shield (worn)
 t - a +0 pair of boots (worn)
 H - a +0 pair of gloves (worn)
 I - the +6 swamp dragon scales of the Moon (worn) {rPois rC+ rN+ MP-9}
   (Okawaru gifted it to you on level 1 of the Abyss)

   rC:        It protects you from cold.
   rPois:     It protects you from poison.
   rN:        It protects you from negative energy.
   MP:        It affects your magic capacity (-9).
 K - a +3 plate armour of cold resistance
 T - a +2 hat (worn)
Jewellery
 e - a ring of willpower
 g - an amulet of guardian spirit (around neck)
 q - a +4 ring of slaying (right hand)
 E - a +4 ring of slaying
 J - a ring of poison resistance
 M - a +4 ring of protection (left hand)
 N - a ring of positive energy
 O - a ring of magical power
Wands
 c - a wand of flame (32)
 z - a wand of mindburst (3)
 R - a wand of light (5)
 Z - a wand of roots (4)
Scrolls
 b - 9 scrolls of blinking
 i - 3 scrolls of silence
 k - 4 scrolls of teleportation
 p - 2 scrolls of magic mapping
 v - 3 scrolls of noise
 y - 5 scrolls of immolation
 B - a scroll of torment
 F - 5 scrolls of vulnerability
 P - a scroll of fog
 Q - 5 scrolls of identify
 U - 2 scrolls of poison
 Y - a scroll of amnesia
Potions
 h - a potion of lignification
 r - a potion of magic
 u - 7 potions of degeneration
 w - 2 potions of curing
 x - 3 potions of attraction
 C - 3 potions of flight
 S - 3 potions of brilliance
Miscellaneous
 A - a piece from Xom's chessboard (15/15)
 D - a tin of tremorstones (2/2)


   Skills:
 - Level 11.0(16.0) Fighting
 - Level 13.0(18.0) Maces & Flails
 - Level 11.0(16.0) Throwing
 - Level 11.0(16.0) Armour
 - Level 5.0(10.0) Dodging
 - Level 1.5(6.5) Stealth
 + Level 10.5(15.5) Shields
 - Level 13.0 Invocations
 - Level 9.0 Evocations


You had 13 spell levels left.
You didn't know any spells.
Your spell library contained the following spells:

 Spells                   Type           Power      Damage    Failure   Level
 Kiss of Death            Conj/Necr      0%         2d5       89%         1
 Necrotise                Necr           0%         1d4       89%         1
 Shock                    Conj/Air       0%         1d3       89%         1
 Slow                     Hex            0%         N/A       89%         1
 Cigotuvi's Dreadful Rot  Necr/Pois/Air  0%         N/A       96%         2
 Ensorcelled Hibernation  Hex/Ice        0%         N/A       96%         2
 Poisonous Vapours        Pois/Air       0%         N/A       96%         2
 Confusing Touch          Hex            0%         N/A       99%         3
 Ignite Poison            Fire/Tmut/Pois 0%         N/A       99%         3
 Kindle Blastsparks       Fire/Tloc/Air  0%         2d10      99%         3
 Portal Projectile        Hex/Tloc       0%         N/A       99%         3
 Spider Form              Tmut/Pois      0%         N/A       99%         3
 Swiftness                Air            0%         N/A       99%         3
 Vampiric Draining        Necr           0%         2d6       99%         3
 Airstrike                Air            0%         2d(0-16)  100%        4
 Anguish                  Hex/Necr       0%         N/A       100%        4
 Dispel Undead            Necr           0%         3d6       100%        4
 Flame Wave               Conj/Fire      0%         2d4       100%        4
 Leda's Liquefaction      Hex/Erth       0%         N/A       100%        4
 Agony                    Necr           0%         N/A       100%        5
 Freezing Cloud           Conj/Ice/Air   0%         6-21      100%        5
 Conjure Ball Lightning   Conj/Air       0%         3x3d6     100%        6
 Orb of Destruction       Conj           0%         9d5       100%        7
 Discord                  Hex            0%         N/A       100%        8
 Disjunction              Tloc           0%         N/A       100%        8
 Fire Storm               Conj/Fire      0%         5d1       100%        9
 Polar Vortex             Ice            0%         N/A       100%        9
 Call Canine Familiar     Summ           Unusable   N/A       N/A         3
 Summon Guardian Golem    Hex/Summ       Unusable   N/A       N/A         3
 Death Channel            Necr           Unusable   N/A       N/A         6
 Simulacrum               Ice/Necr       Unusable   N/A       N/A         6
 Malign Gateway           Summ/Tloc      Unusable   N/A       N/A         7
 Spellforged Servitor     Conj/Summ      Unusable   N/A       N/A         7
 Summon Horrible Things   Summ           Unusable   N/A       N/A         8

Dungeon Overview and Level Annotations

Branches:
Dungeon (14/15)            Temple (1/1) D:4            Lair (5/5) D:11
 Shoals (0/4) Lair:3       Spider (0/4) Lair:3        Slime (0/5) Lair:4
    Orc (0/2) D:11         Vaults (0/5) D:13

Altars:
Ashenzari
Cheibriados
Dithmenos
Elyvilon
Fedhas
Gozag
Hepliaklqana
Kikubaaqudgha
Makhleb
Nemelex Xobeh
Okawaru
Qazlal
Ru
Sif Muna
Trog
Uskayaw
Vehumet
Wu Jian
Xom
Yredelemnul
Zin
The Shining One
Lugonu

Shops:
D:5 =   D:6 !   D:12 ?

Portals:
Abyss: Lair:5


Innate Abilities, Weirdness & Mutations

You have a pair of horns on your head.
You reflexively headbutt those who attack you in melee.
You have sharp toenails.
You sometimes lose your temper in combat.
You are clumsy. (Dex -2)
Your muscles are strong. (Str +4, Int/Dex -1)


Message History

The hellion is severely wounded.
A balrug comes into view.
It is wielding a +2 demon whip of electrocution.
A large abomination comes into view.
The hellion gestures at you.
The sphere of damnation explodes!
The damnation engulfs you!!!
The damnation engulfs the hellion.
The hellion completely resists.
The balrug gestures at you. The bolt of fire misses you.
You impale the hellion!!
You kill the hellion!
Okawaru accepts your kill. The balrug gestures at you.
The fireball explodes!
The fireball engulfs you!!
The fireball engulfs the balrug.
The balrug completely resists.
A sun demon comes into view.
You block the balrug's attack.
Okay, then.
Okay, then.
Magic courses through your body. You block the balrug's attack.
Aiming: Duel (3% risk of failure)
Press: ? - help, Dir - move target, f - balrug
Aim: a balrug, wielding a +2 demon whip of electrocution You enter into single combat with the balrug!
You enter Okawaru's Arena!
The spectator shouts! x5
The balrug hits you with a +2 demon whip of electrocution!
* * * LOW HITPOINT WARNING * * *
You are engulfed in flames!!
* * * LOW HITPOINT WARNING * * *
Found a gate leading back out of this place.
There is an empty arch of ancient stone, spattered with blood here.
You gain the combat prowess of a mighty hero.
You block the balrug's attack.
You are confused.
You feel invigorated.
The balrug hits you with a +2 demon whip of electrocution.
* * * LOW HITPOINT WARNING * * *
You are engulfed in flames!!
You die...
Okawaru crowns the balrug victorious!

#########
#.▓...▓.#
#p▓.8.▓.#
#▓▓...▓.#
#.▓...▓p#
#p▓...▓p#
#▓▓...▓.#
#∩▓.@.▓▓#
#▓▓.2.▓.#
#p▓...▓p#
#.▓...▓.#
#▓▓...▓p#
#p▓.8.▓.#
#.▓...▓.#
#########


You could see a balrug.

Vanquished Creatures
  An Executioner (Abyss:1)
  Gastronok (Lair:2)
  Louise (D:14)
  The ghost of Mexzoddasi the Bludgeoner, a journeyman MiBe of Trog (D:13)
  Josephine (Lair:5)
  A rakshasa (Abyss:1)
  A vault guard (D:13)
  Erolcha (D:9)
  A hydra (D:13)
  4 centaur warriors
  A catoblepas (Lair:5)
  An ogre mage (D:10)
  The ghost of pigah the Zephyrmancer, a journeyman OpAE of Gozag (D:9)
  4 boulder beetles
  4 death yaks
  2 tengu warriors (D:13)
  2 thrashing horrors
  Sonja (D:10)
  A sixfirhy (Abyss:1)
  A skeletal warrior (D:14)
  An iron troll (D:13)
  Lodul (D:11)
  An orb spider (Lair:3)
  4 ugly things
  A cyclops (D:12)
  5 manticores
  9 elephants (Lair:5)
  An eye of devastation (Abyss:1)
  3 gargoyles
  3 black mambas (Lair:4)
  2 smoke demons
  11 cane toads
  A torpor snail (Lair:5)
  A hellion (Abyss:1)
  An unseen horror (D:11)
  A kobold demonologist (Abyss:1)
  Maggie (Lair:2)
  2 tengu conjurers (D:12)
  A hellwing (Abyss:1)
  6 komodo dragons
  3 ancient zymes
  A wind drake (Lair:3)
  3 meliai (D:13)
  2 trolls (D:9)
  A hornet (D:11)
  14 blink frogs
  3 slime creatures
  3 flying skulls (Abyss:1)
  4 ynoxinuls (Lair:5)
  5 large abominations
  A water elemental (D:12)
  A spriggan (Lair:5)
  10 wraiths
  4 wyverns
  58 yaks
  A shadow (D:9)
  11 basilisks
  3 vampires
  A chaos spawn (Lair:5)
  Menkaure (D:7)
  A neqoxec (Abyss:1)
  5 steam dragons
  10 vampire mosquitoes
  8 small abominations
  13 water moccasins
  2 acid dragons
  3 orc warriors
  2 ice beasts
  2 sky beasts
  10 ogres
  10 centaurs
  17 wolves
  5 bullfrogs
  3 kobold brigands
  A necrophage (D:7)
  A scorpion (D:5)
  2 gnoll sergeants
  5 wights (D:8)
  19 killer bees
  9 howler monkeys
  8 electric eels
  3 jellies
  4 orc priests
  4 hounds
  2 iguanas (D:5)
  Jessica (D:3)
  15 orc wizards
  9 gnolls
  12 adders
  A shadow imp (D:5)
  A white imp (D:6)
  4 ufetubi
  2 worms
  5 dart slugs
  52 orcs
  5 ball pythons
  8 endoplasms
  5 giant cockroaches
  8 goblins
  3 hobgoblins
  6 jackals (D:1)
  11 kobolds
  5 quokkas
  5 bats
  4 frilled lizards
  6 rats
534 creatures vanquished.

Vanquished Creatures (others)
  An orc (D:11)
  26 fungi
  79 plants
106 creatures vanquished.

Grand Total: 640 creatures vanquished

Notes
Turn   | Place    | Note
-------+----------+-------------------------------------------
     0 | D:1      | NinjaNoafa the Minotaur Monk began the quest for the Orb.
     0 | D:1      | Reached XP level 1. HP: 19/19 MP: 0/0
    56 | D:1      | Reached skill level 1 in Armour
    56 | D:1      | Reached XP level 2. HP: 24/27 MP: 1/1
   299 | D:1      | Reached XP level 3. HP: 33/33 MP: 2/2
   906 | D:2      | Reached XP level 4. HP: 25/41 MP: 3/3
  1327 | D:3      | Found a glowing silver altar of Zin.
  1502 | D:3      | Reached skill level 5 in Fighting
  1506 | D:3      | Identified the +6 long sword of Accidental Termination
                  | {vorpal, rCorr Str-4 Int+4 SInv}
  1519 | D:3      | Reached skill level 5 in Maces & Flails
  1529 | D:3      | Noticed Jessica
  1537 | D:3      | Killed Jessica
  1538 | D:3      | Reached XP level 5. HP: 44/48 MP: 4/4
  2277 | D:4      | Found a staircase to the Ecumenical Temple.
  2289 | Temple   | Entered the Ecumenical Temple
  2289 | Temple   | Found a transporter.
  2289 | Temple   | Found a transporter.
  2291 | Temple   | Found a transporter.
  2291 | Temple   | Found a transporter.
  2325 | Temple   | Became a worshipper of Warmaster Okawaru
  2325 | Temple   | Reached * piety under Okawaru
  2325 | Temple   | Reached ** piety under Okawaru
  2443 | D:4      | Noticed an ogre
  2451 | D:4      | Killed an ogre
  2452 | D:4      | Reached XP level 6. HP: 56/56 MP: 5/5
  3099 | D:5      | Entered Level 5 of the Dungeon
  3164 | D:5      | Reached skill level 1 in Throwing
  3164 | D:5      | Reached skill level 1 in Invocations
  3214 | D:5      | Noticed an ice beast
  3224 | D:5      | Killed an ice beast
  3225 | D:5      | Reached XP level 7. HP: 51/61 MP: 7/7
  3654 | D:5      | Found Wilioc's Jewellery Emporium.
  3669 | D:5      | Got the Omnibus of the Incendiary Spider
  3690 | D:5      | Reached *** piety under Okawaru
  3936 | D:6      | Found Ceqyv's Distillery.
  3975 | D:6      | Bought a potion of heal wounds for 50 gold pieces
  3975 | D:6      | Bought a potion of haste for 100 gold pieces
  3975 | D:6      | Bought a potion of mutation for 80 gold pieces
  3975 | D:6      | Bought a potion of curing for 30 gold pieces
  3976 | D:6      | Gained mutation: You are agile. (Dex +4, Str/Int -1)
                  | [potion of mutation]
  3976 | D:6      | Gained mutation: Your movements are slightly less
                  | encumbered by armour. (ER -2) [potion of mutation]
  3977 | D:6      | Lost mutation: Your movements are slightly less encumbered
                  | by armour. (ER -2) [potion of mutation]
  3977 | D:6      | Lost mutation: You are agile. (Dex +4, Str/Int -1) [potion
                  | of mutation]
  3977 | D:6      | Gained mutation: You possess an exceptional clarity of
                  | mind. [potion of mutation]
  3977 | D:6      | Gained mutation: You passively dampen the noise of your
                  | surroundings. [potion of mutation]
  4338 | D:6      | Found a shimmering altar of Xom.
  4513 | D:6      | Reached XP level 8. HP: 35/68 MP: 10/10
  4678 | D:6      | Reached **** piety under Okawaru
  4912 | D:6      | Reached skill level 5 in Throwing
  4912 | D:6      | Reached skill level 5 in Invocations
  5631 | D:7      | Noticed Menkaure
  5639 | D:7      | Killed Menkaure
  6379 | D:8      | Reached skill level 5 in Armour
  6391 | D:8      | Reached XP level 9. HP: 60/74 MP: 12/12
  7862 | D:9      | Reached ***** piety under Okawaru
  7882 | D:9      | Received a gift from Okawaru
  7883 | D:9      | Reached skill level 1 in Evocations
  7991 | D:9      | Noticed a gargoyle
  7997 | D:9      | Reached XP level 10. HP: 86/86 MP: 15/15
  8003 | D:9      | Found a stormy altar of Qazlal.
  8108 | D:9      | Killed a gargoyle
  8450 | D:9      | Noticed Erolcha
  8465 | D:9      | Killed Erolcha
  8741 | D:9      | Found a runed translucent gate.
  8742 | D:9      | Found a runed translucent gate.
  8742 | D:9      | Noticed pigah's ghost (journeyman OpAE)
  8743 | D:9      | Found a runed translucent gate.
  8806 | D:9      | Reached skill level 5 in Evocations
  8934 | D:9      | Received a gift from Okawaru
  9662 | D:9      | Killed pigah's ghost
  9800 | D:10     | Entered Level 10 of the Dungeon
  9827 | D:10     | Received a gift from Okawaru
  9957 | D:10     | Noticed an ogre mage
  9963 | D:10     | Noticed a centaur warrior
  9993 | D:10     | Reached skill level 10 in Maces & Flails
 10000 | D:10     | Killed an ogre mage
 10001 | D:10     | Reached XP level 11. HP: 92/92 MP: 13/16
 10034 | D:10     | Killed a centaur warrior
 10158 | D:10     | Noticed Sonja
 10162 | D:10     | Killed Sonja
 11090 | D:11     | Identified the +10 short sword of the Immovable Stories
                  | {speed, rN++} (Okawaru gifted it to you on level 11 of the
                  | Dungeon)
 11090 | D:11     | Received a gift from Okawaru
 11317 | D:11     | Noticed a death yak
 11361 | D:11     | Killed a death yak
 11520 | D:11     | Found a staircase to the Lair.
 11521 | D:11     | Noticed a death yak
 11526 | D:11     | Noticed a death yak
 11556 | D:11     | Killed a death yak
 11572 | D:11     | Killed a death yak
 11752 | D:11     | Reached ****** piety under Okawaru
 11957 | D:11     | Identified the +0 plate armour of the Bright God {Str+2}
                  | (Okawaru gifted it to you on level 11 of the Dungeon)
 11957 | D:11     | Received a gift from Okawaru
 12056 | D:11     | Found a glowing silver altar of Zin.
 12197 | D:11     | Reached skill level 10 in Invocations
 12302 | D:11     | Reached XP level 12. HP: 92/104 MP: 16/18
 12365 | D:11     | Found a staircase to the Orcish Mines.
 12565 | D:11     | Noticed Lodul
 12576 | D:11     | Killed Lodul
 12976 | D:5      | Bought a +4 ring of protection for 504 gold pieces
 13388 | D:12     | Found Wagaw's Magic Scroll Boutique.
 13603 | D:12     | Reached skill level 5 in Dodging
 13840 | D:12     | Noticed a boulder beetle
 13861 | D:12     | Killed a boulder beetle
 14570 | D:13     | Noticed a boulder beetle
 14591 | D:13     | Killed a boulder beetle
 14620 | D:13     | Noticed Mexzoddasi's ghost (journeyman MiBe)
 14627 | D:13     | Found a runed translucent door.
 14673 | D:13     | Noticed a centaur warrior
 14675 | D:13     | Noticed a tengu warrior
 14678 | D:13     | Killed a centaur warrior
 14678 | D:13     | Received a gift from Okawaru
 14684 | D:13     | Killed a tengu warrior
 15087 | D:13     | Noticed a tengu warrior
 15104 | D:13     | Killed a tengu warrior
 15104 | D:13     | Identified the +4 cloak of Zipusimm {Regen+ Int+2} (Okawaru
                  | gifted it to you on level 13 of the Dungeon)
 15104 | D:13     | Received a gift from Okawaru
 15362 | D:13     | Noticed a boulder beetle
 15381 | D:13     | Killed a boulder beetle
 15382 | D:13     | Reached XP level 13. HP: 113/113 MP: 18/20
 15430 | D:13     | Reached skill level 10 in Fighting
 15430 | D:13     | Reached skill level 10 in Armour
 15510 | D:13     | Found a gate to the Vaults.
 15991 | D:13     | Killed Mexzoddasi's ghost
 16075 | D:14     | Noticed Louise
 16088 | D:14     | Killed Louise
 16537 | Lair:1   | Entered Level 1 of the Lair of Beasts
 17379 | Lair:2   | Noticed Gastronok
 17394 | Lair:2   | Killed Gastronok
 17645 | Lair:2   | Noticed Maggie
 17649 | Lair:2   | Killed Maggie
 17934 | Lair:2   | Lost mutation: You passively dampen the noise of your
                  | surroundings. [potion of mutation]
 17934 | Lair:2   | Lost mutation: You possess an exceptional clarity of mind.
                  | [potion of mutation]
 17934 | Lair:2   | Gained mutation: You are agile. (Dex +4, Str/Int -1)
                  | [potion of mutation]
 17934 | Lair:2   | Gained mutation: You are very agile. (Dex +8, Str/Int -2)
                  | [potion of mutation]
 17935 | Lair:2   | Lost mutation: You are very agile. (Dex +8, Str/Int -2)
                  | [potion of mutation]
 17935 | Lair:2   | Lost mutation: You are agile. (Dex +4, Str/Int -1) [potion
                  | of mutation]
 17935 | Lair:2   | Gained mutation: You have hidden genetic defects. [potion
                  | of mutation]
 17935 | Lair:2   | Gained mutation: You expend magic power (3 MP) to
                  | strengthen your wands. [potion of mutation]
 17936 | Lair:2   | Lost mutation: You expend magic power (3 MP) to strengthen
                  | your wands. [potion of mutation]
 17936 | Lair:2   | Lost mutation: You have hidden genetic defects. [potion of
                  | mutation]
 17936 | Lair:2   | Gained mutation: Armour fits poorly on your strangely
                  | shaped body. [potion of mutation]
 17936 | Lair:2   | Gained mutation: You have hidden genetic potential. [potion
                  | of mutation]
 18300 | Lair:3   | Upgraded the game from 0.30-a0-263-ge22c4ad894 to
                  | 0.30-a0-269-gf0224bf7b6
 18418 | Lair:3   | Identified the +3 quarterstaff of Lust {holy, rElec Str+3}
                  | (Okawaru gifted it to you on level 3 of the Lair of Beasts)
 18418 | Lair:3   | Received a gift from Okawaru
 18519 | Lair:3   | Identified the +7 rapier "Lacertilianslayer" {vorpal, rF+
                  | rC+}
 18544 | Lair:3   | Found a radiant altar of Vehumet.
 18592 | Lair:3   | Found a staircase to the Shoals.
 18667 | Lair:3   | Found a hole to the Spider Nest.
 18973 | Lair:4   | Found a staircase to the Slime Pits.
 19354 | Lair:4   | Reached XP level 14. HP: 122/124 MP: 20/22
 19476 | Lair:4   | Reached skill level 10 in Throwing
 19629 | Lair:5   | Entered Level 5 of the Lair of Beasts
 19649 | Lair:5   | Received a gift from Okawaru
 19731 | Lair:5   | Lost mutation: You have hidden genetic potential. [potion
                  | of mutation]
 19731 | Lair:5   | Lost mutation: Armour fits poorly on your strangely shaped
                  | body. [potion of mutation]
 19731 | Lair:5   | Gained mutation: You are covered in fur. (AC +1) [potion of
                  | mutation]
 19731 | Lair:5   | Gained mutation: You have hidden genetic potential. [potion
                  | of mutation]
 19732 | Lair:5   | Lost mutation: You are covered in fur. (AC +1) [potion of
                  | mutation]
 19732 | Lair:5   | Lost mutation: You have hidden genetic potential. [potion
                  | of mutation]
 19732 | Lair:5   | Gained mutation: Your spells are a little easier to cast,
                  | but a little less powerful. [potion of mutation]
 19732 | Lair:5   | Gained mutation: You sometimes lose your temper in combat.
                  | [potion of mutation]
 19732 | Lair:5   | Gained mutation: Your flesh is heat resistant. (rF+)
                  | [potion of mutation]
 19733 | Lair:5   | Lost mutation: Your spells are a little easier to cast, but
                  | a little less powerful. [potion of mutation]
 19733 | Lair:5   | Lost mutation: Your flesh is heat resistant. (rF+) [potion
                  | of mutation]
 19733 | Lair:5   | Gained mutation: You occasionally lose the ability to drink
                  | potions when taking damage. [potion of mutation]
 19733 | Lair:5   | Gained mutation: You have an uncontrollable temper. [potion
                  | of mutation]
 19733 | Lair:5   | Gained mutation: You have sharp toenails. [potion of
                  | mutation]
 19734 | Lair:5   | Lost mutation: You occasionally lose the ability to drink
                  | potions when taking damage. [potion of mutation]
 19734 | Lair:5   | Lost mutation: You have sharp toenails. [potion of
                  | mutation]
 19734 | Lair:5   | Lost mutation: You have an uncontrollable temper. [potion
                  | of mutation]
 19734 | Lair:5   | Gained mutation: Your muscles are strong. (Str +4, Int/Dex
                  | -1) [potion of mutation]
 19734 | Lair:5   | Gained mutation: You have sharp toenails. [potion of
                  | mutation]
 19910 | Lair:5   | Received a gift from Okawaru
 20423 | Lair:5   | Reached skill level 1 in Shields
 20726 | Lair:5   | Noticed Josephine
 20942 | Lair:5   | Reached skill level 5 in Shields
 21263 | Lair:5   | Killed Josephine
 21266 | Lair:5   | Received a gift from Okawaru
 21517 | Lair:5   | Found a corrupted altar of Lugonu.
 21517 | Lair:5   | Found a one-way gate to the infinite horrors of the Abyss.
 21541 | Lair:5   | Voluntarily entered the Abyss.
 21648 | Abyss:1  | Received a gift from Okawaru
 21751 | Abyss:1  | Gained mutation: You are clumsy. (Dex -2) [a neqoxec]
 21798 | Abyss:1  | Noticed an Executioner
 21820 | Abyss:1  | Killed an Executioner
 21820 | Abyss:1  | Identified the +6 swamp dragon scales of the Moon {rPois
                  | rC+ rN+ MP-9} (Okawaru gifted it to you on level 1 of the
                  | Abyss)
 21820 | Abyss:1  | Received a gift from Okawaru
 21826 | Abyss:1  | Reached skill level 10 in Shields
 21955 | Abyss:1  | Noticed a balrug
 21961 | Arena    | Entered the Arena
 21963 | Arena    | Slain by a balrug

Illustrated notes

Levels and vault maps discovered:
D:1:      zelgadis_glass_arrival_small, layout_loops_ring
D:2:      layout_rooms, st_stairs_4, minmay_fountain_box, minmay_diced_spiral
D:3:      layout_loops_ring, lemuel_crystal_altar, chequers_arboretum,
          minmay_distorted, uniq_jessica
D:4:      nicolae_cairo_tiling_large, layout_gridville,
          minmay_temple_entry_overgrown
D:5:      layout_basic, serial_shops, nicolae_stop_n_shop_1
D:6:      layout_basic, kennysheep_mini_moat, serial_shops,
          nicolae_diamond_shop, kennysheep_boxes
D:7:      layout_basic, roderic_filled_cross, uniq_menkaure
D:8:      layout_basic, blue_anna_alchemist
D:9:      layout_stronghold, grunt_qazlal_clouds, ebering_ghost_rock_garden,
          uniq_erolcha
D:10:     layout_big_octagon, grunt_decor_resistance,
          minmay_mirror_moons_of_madness, uniq_sonja
D:11:     layout_long_grid, dpeg_lair_monsters, hiddenorc2_lemuel,
          grunt_ministairs_1, serial_bayou_lagoon_a, st_stairs_11, zin_academy,
          uniq_lodul
D:12:     layout_loops_ring, serial_shops, shop, serial_rivers,
          chequers_serial_rivers_room_b, chequers_serial_rivers_room_b,
          chequers_serial_rivers_micro_a, chequers_serial_rivers_micro_d,
          chequers_serial_rivers_large_b, chequers_serial_rivers_marsh,
          minmay_misc_feat_chi, kennysheep_generic_room_16
D:13:     layout_irregular_city, david_vaults_4, hellmonk_ghost_happy_afterlife,
          corexii_leaking_fountain
D:14:     layout_stronghold, hangedman_abyss_or_decor_lesser_grid, uniq_louise
Temple:   hellmonk_temple_divided_pantheon
Lair:1:   beast_lair_carwin_large_1, layout_gridlike, serial_bayou_crossing
Lair:2:   layout_cave_pods, uniq_gastronok, uniq_maggie
Lair:3:   layout_gridlike, minmay_shoals_entry_beasts,
          nicolae_spider_entry_orb_guardian, basic_altar
Lair:4:   layout_misc_corridors, minmay_slime_entry_pillars,
          hangedman_lair_generics_rect
Lair:5:   hellmonk_lair_end_abyssal_woods, layout_regular_city,
          chequers_serial_rivers_room_b, uniq_josephine
Arena

Skill      XL: |  1  2  3  4  5  6  7  8  9 10 11 12 13 14 |
---------------+-------------------------------------------+-----
Armour         | 1 2 3 5 7 9 11 | 11.0
Maces & Flails | 4 5 7 10 11 13 | 13.0
Fighting       | 4 5 7 9 11 | 11.0
Throwing       | 2 4 6 7 8 9 11 | 11.0
Invocations    | 2 4 6 9 10 11 13 | 13.0
Evocations     | 1 5 7 9 |  9.0
Dodging        | 5 |  5.0
Shields        | 10 | 10.5
Stealth        | |  1.5

Action                   |  1- 3 |  4- 6 |  7- 9 | 10-12 | 13-15 || total
-------------------------+-------+-------+-------+-------+-------++-------
Melee: Mace              |    77 |       |       |       |       ||    77
       Headbutt          |    11 |    22 |    41 |    71 |   117 ||   262
       Great mace        |       |   109 |   202 |       |       ||   311
       Dire flail        |       |       |    67 |   389 |    43 ||   499
       Eveningstar       |       |       |       |       |   456 ||   456
Throw: Dart              |       |     5 |    25 |    24 |    30 ||    84
       Boomerang         |       |       |    19 |   178 |   223 ||   420
       Javelin           |       |       |       |       |    23 ||    23
Invok: Heroism           |       |       |       |       |     1 ||     1
       Finesse           |       |       |       |       |     1 ||     1
       Duel              |       |       |       |       |     1 ||     1
Evoke: Wand              |       |       |     2 |    17 |     2 ||    21
       Tin of tremorston |       |       |       |     3 |     1 ||     4
       Piece from Xom's  |       |       |       |       |     2 ||     2
  Use: Potion            |     1 |     2 |     6 |     8 |    22 ||    39
       Scroll            |       |       |    13 |    13 |    19 ||    45
 Stab: Invisible         |       |     1 |       |       |       ||     1
Armor: Chain mail        |    42 |   108 |    23 |       |       ||   173
       Robe              |     6 |       |       |       |       ||     6
       Skin              |       |       |    32 |       |       ||    32
       Plate armour      |       |       |   287 |   446 |   873 ||  1606
       Swamp dragon scal |       |       |       |       |    23 ||    23
Dodge: Dodged            |    45 |    51 |   159 |   172 |   206 ||   633
Block: Tower shield      |       |       |       |       |   687 ||   687

Table legend: (Time is in decaauts)
 A = Elapsed time spent in this place.
 B = Non-inter-level travel time spent in this place.
 C = Inter-level travel time spent in this place.
 D = Time resting spent in this place.
 E = Time spent auto-exploring this place.
 F = Levels seen in this place.
 G = Mean time per level.
                   A        B        C        D        E       F      G
               +--------+--------+--------+--------+--------+-----+--------+
         Total |  22219 |  21150 |   1069 |      3 |  16417 |  22 | 1010.0 |
       Dungeon |  16550 |  15612 |    938 |      0 |  12561 |  14 | 1182.1 |
        Temple |     54 |     31 |     23 |      0 |      0 |   1 |   54.0 |
          Lair |   5186 |   5079 |    107 |      3 |   3678 |   5 | 1037.2 |
         Abyss |    425 |    425 |      0 |      0 |    178 |   1 |  425.0 |
         Arena |      1 |      1 |      0 |      0 |      0 |   1 |    1.0 |
               +--------+--------+--------+--------+--------+-----+--------+

Top non-repeatable levels by time:
    D:11: 2241 daAuts
     D:9: 2001 daAuts
  Lair:5: 1711 daAuts
     D:8: 1523 daAuts
    D:13: 1495 daAuts
     D:6: 1483 daAuts
    D:12: 1410 daAuts
     D:7: 1146 daAuts
  Lair:4: 1043 daAuts
     D:4: 968 daAuts
    D:10: 915 daAuts
  Lair:2: 908 daAuts
     D:5: 830 daAuts
  Lair:3: 818 daAuts
     D:3: 794 daAuts
